 Dungeon Crawl Stone Soup version 0.30-a0-743-gbfdf073431 (webtiles) character file.

Game seed: 18408802705630087111

61 avis the Shooter (level 3, -2/31 HPs)
             Began as a Demigod Hunter on Feb 6, 2023.
             Slain by Terence
             ... wielding a +3 heavy trident
              (14 damage)
             ... on level 2 of the Dungeon.
             The game lasted 00:05:03 (1235 turns).

avis the Shooter (Demigod Hunter)                   Turns: 1235, Time: 00:05:03

Health: -2/31      AC:  4    Str: 12    XL:     3   Next: 58%
Magic:  5/5        EV: 12    Int: 11    God:
Gold:   70         SH:  0    Dex: 21    Spells: 2/2 levels left

rFire   . . .      SeeInvis .    a - +0 shortbow
rCold   . . .      Faith    .    (shield currently unavailable)
rNeg    . . .      Spirit   .    c - +0 leather armour
rPois   .          Reflect  .    l - +0 helmet
rElec   .          Harm     .    (no cloak)
rCorr   .          Rampage  .    (no gloves)
Will    .....                    (no boots)
Stlth   ++                       (no amulet)
HPRegen 0.25/turn                h - ring of wizardry
MPRegen 0.09/turn                (no ring)

@: no status effects
A: high MP 1, forlorn, divine attributes
a: no special abilities


You were on level 2 of the Dungeon.
You visited 1 branch of the dungeon, and saw 2 of its levels.

You collected 70 gold pieces.

Inventory:

Hand Weapons
 a - a +0 shortbow (weapon)
 b - a +2 dagger of electrocution
 e - a +0 short sword
 g - a +0 long sword
Armour
 c - a +0 leather armour (worn)
 l - a +0 helmet (worn)
Jewellery
 h - a ring of wizardry (left hand)
Scrolls
 i - 2 scrolls of fog {unknown}
 j - a scroll of amnesia {unknown}
 k - 2 scrolls of immolation
Potions
 d - a potion of heal wounds {unknown}
 f - a potion of degeneration {unknown}
 m - a potion of magic {unknown}


   Skills:
 - Level 3.0 Fighting
 * Level 4.2 Ranged Weapons
 - Level 2.0 Dodging
 - Level 1.0 Stealth


You had 2 spell levels left.
You didn't know any spells.
Your spell library contained the following spells:

 Spells                   Type           Power      Damage    Failure   Level
 Shock                    Conj/Air       0%         1d3       17%         1
 Lesser Beckoning         Tloc           0%         N/A       26%         2
 Gell's Gravitas          Tloc           0%         N/A       45%         3
 Swiftness                Air            0%         N/A       45%         3
 Teleport Other           Tloc           0%         N/A       45%         3
 Airstrike                Air            0%         2d(0-16)  85%         4


Dungeon Overview and Level Annotations

Branches:
Dungeon (2/15)

Annotations:
D:2 Terence


Innate Abilities, Weirdness & Mutations

You have an increased reservoir of magic. (+10% MP)
You shall have no god before yourself.
Your divine heritage dramatically boosts your attributes as you level up.


Message History

You shoot an arrow. The arrow closely misses Terence.
Fire: a) +0 shortbow
Press: ? - help, Q - select action Shift-Dir - straight line, f/p - Terence
Aim: Terence, wielding a +3 heavy trident and wearing a +0 chain mail (72% to hit)
You shoot an arrow. The arrow hits Terence!
Terence is heavily wounded.
A ball python comes into view.
Fire: a) +0 shortbow
Press: ? - help, Q - select action Shift-Dir - straight line, f/p - Terence
Aim: Terence, wielding a +3 heavy trident and wearing a +0 chain mail (heavily wounded, 72% to hit)
You shoot an arrow. The arrow barely misses Terence.
The ball python hisses angrily.
Terence hits you from afar with a +3 heavy trident!
Fire: a) +0 shortbow
Press: ? - help, Q - select action Shift-Dir - straight line, f/p - Terence
Aim: Terence, wielding a +3 heavy trident and wearing a +0 chain mail (moderately wounded, 72% to hit)
You shoot an arrow. The arrow hits Terence.
Terence is heavily wounded.
Fire: a) +0 shortbow
Press: ? - help, Q - select action Shift-Dir - straight line, f/p - Terence
Aim: Terence, wielding a +3 heavy trident and wearing a +0 chain mail (heavily wounded, 72% to hit)
You shoot an arrow. The arrow barely misses Terence.
Terence barely misses you.
Fire: a) +0 shortbow
Press: ? - help, Q - select action Shift-Dir - straight line, f/p - Terence
Aim: Terence, wielding a +3 heavy trident and wearing a +0 chain mail (heavily wounded, 72% to hit)
You shoot an arrow. The arrow closely misses Terence.
Terence barely misses you.
Fire: a) +0 shortbow
Press: ? - help, Q - select action Shift-Dir - straight line, f/p - Terence
Aim: Terence, wielding a +3 heavy trident and wearing a +0 chain mail (heavily wounded, 72% to hit)
You shoot an arrow. The arrow closely misses Terence.
Terence hits you from afar with a +3 heavy trident!
Fire: a) +0 shortbow
Press: ? - help, Q - select action Shift-Dir - straight line, f/p - Terence
Aim: Terence, wielding a +3 heavy trident and wearing a +0 chain mail (heavily wounded, 72% to hit)
You shoot an arrow. The arrow hits Terence.
Terence is severely wounded.
Terence hits you from afar with a +3 heavy trident!
You die...

............#.#####
####.##.....#.#
...#.##.......#
##.#.##.......#
.#.#.#......#.#
.....[......#.#
##.#..........#
............########
...#.....#......@..#
...#.#####.######.##
...#........# @#
...#######..# S#
...# #..# .# ...#
#..# .# ...# #..# .#
#..# .# ....


You could see Terence and a ball python.

Vanquished Creatures
  Jessica (D:2)
  A worm (D:2)
  A dart slug (D:1)
  4 endoplasms
  2 goblins
  3 hobgoblins (D:1)
  5 kobolds (D:1)
  3 quokkas (D:2)
  2 bats (D:1)
  4 frilled lizards (D:1)
  5 rats
31 creatures vanquished.

Notes
Turn   | Place    | Note
-------+----------+-------------------------------------------
     0 | D:1      | avis the Demigod Hunter began the quest for the Orb.
     0 | D:1      | Reached XP level 1. HP: 17/17 MP: 3/3
   179 | D:1      | Reached skill level 4 in Ranged Weapons
   244 | D:1      | Reached XP level 2. HP: 24/24 MP: 4/4
   516 | D:1      | Reached skill level 1 in Stealth
   874 | D:2      | Noticed Jessica
   881 | D:2      | Killed Jessica
   882 | D:2      | Reached XP level 3. HP: 20/31 MP: 5/5
  1227 | D:2      | Noticed Terence
  1235 | D:2      | Slain by Terence

Illustrated notes

Levels and vault maps discovered:
D:1:      dpeg_arrival_tiny_d, layout_basic, minmay_domino_2
D:2:      layout_basic, serial_bayou_pond_e, kennysheep_generic_room_4,
          uniq_sigmund, uniq_terence, uniq_jessica, uniq_natasha

Skill      XL: |  1  2 |
---------------+-------+-----
Fighting       | 2 3 |  3.0
Ranged Weapons | 4 |  4.2
Dodging        | 2 |  2.0
Stealth        | 1 |  1.0

Action                     || total
---------------------------++-------
   Fire: Shortbow          ||    87
 Armour: Leather armour    ||    12
  Dodge: Dodged            ||    22

Table legend: (Time is in decaauts)
 A = Elapsed time spent in this place.
 B = Non-inter-level travel time spent in this place.
 C = Inter-level travel time spent in this place.
 D = Time resting spent in this place.
 E = Time spent auto-exploring this place.
 F = Levels seen in this place.
 G = Mean time per level.
                   A        B        C        D        E       F      G
               +--------+--------+--------+--------+--------+-----+--------+
         Total |   1265 |   1180 |     85 |     92 |    785 |   2 |  632.5 |
       Dungeon |   1265 |   1180 |     85 |     92 |    785 |   2 |  632.5 |
               +--------+--------+--------+--------+--------+-----+--------+

Top non-repeatable levels by time:
     D:1: 884 daAuts
     D:2: 380 daAuts
